 Dungeon Crawl Stone Soup version 0.20-a0-839-gdaf5c57 (webtiles) character file.

212 4thArraOfDagon the Slasher (level 6, 0/45 HPs)
             Began as a Formicid Wanderer on Mar 8, 2017.
             Was an Initiate of Ru.
             Slain by a yak (16 damage)
             ... on level 14 of the Dungeon.
             The game lasted 00:04:26 (1466 turns).

4thArraOfDagon the Slasher (Formicid Wanderer)      Turns: 1466, Time: 00:04:26

Health: 0/45       AC:  3    Str: 19    XL:     6   Next: 13%
Magic:  9/9        EV: 11    Int: 13    God:    Ru [......]
Gold:   20         SH:  5    Dex:  8    Spells: 9/9 levels left

rFire    . . .     SeeInvis +   e - +1 long sword
rCold    . . .     Gourm    .   k - +1 robe (curse)
rNeg     . . .     Faith    .   c - +0 buckler
rPois    .         Spirit   .   (helmet unavailable)
rElec    .         Reflect  +   (no cloak)
rCorr    .         Harm     .   (no gloves)
MR       .....                  (no boots)
Stlth    +.........             l - +2 amulet of reflection
Regen    0.2/turn               (no ring)
MPRegen  0.2/turn               (no ring)

@: drained
A: permanent stasis, dig shafts and tunnels, four strong arms, antennae 3
a: Dig, Shaft Self, Renounce Religion


You were on level 14 of the Dungeon.
You worshipped Ru.
Ru was noncommittal.
You were not hungry.

You visited 1 branch of the dungeon, and saw 12 of its levels.

You collected 20 gold pieces.

Inventory:

Hand Weapons
 b - a +0 spear
 e - a +1 long sword (weapon)
Armour
 c - a +0 buckler (worn)
 d - a +0 robe
 k - a cursed +1 robe (worn)
Jewellery
 l - a +2 amulet of reflection (around neck)
Wands
 m - a wand of random effects (0/48)
Scrolls
 g - 2 scrolls of identify
Potions
 h - a potion of heal wounds
Books
 a - a book of Battle

   Spells                             Type                      Level
   a - Infusion                       Charms                       1
   b - Shroud of Golubria             Charms/Translocation         2
   c - Song of Slaying                Charms                       2
   d - Spectral Weapon                Hexes/Charms                 3
   e - Regeneration                   Charms/Necromancy            3
Comestibles
 f - a bread ration


   Skills:
 - Level 2.3(2.0) Fighting
 * Level 5.4(5.1) Long Blades
 - Level 1.0(0.7) Throwing
 - Level 1.0(0.7) Dodging
 - Level 1.2(0.9) Shields
 - Level 2.1(1.9) Spellcasting
   Level 3.0(2.7) Charms


You had 9 spell levels left.
You didn't know any spells.

Dungeon Overview and Level Annotations

Branches:
Dungeon (14/15)            Vaults (0/5) D:13
 Temple: D:4-7         Lair: D:8-11         Orc: D:9-12

Altars:
Ru

Annotations:
D:9 Maurice
D:11 Nergalle
D:12 Psyche


Innate Abilities, Weirdness & Mutations

You cannot be hasted, slowed, berserked, paralysed or teleported.
You can dig through walls and to a lower floor.
Your four strong arms can wield two-handed weapons with a shield.
You have a pair of large antennae on your head. (SInv)


Message History

There is a stone staircase leading down here.
Unknown command.
Unknown command.
The yak closely misses you.
You climb downwards.
There is a stone staircase leading up here.
Unknown command.
You see here a ring mail.
You open the door. The yak gores you!
Found a scroll of identify.
Unknown command.
There is an open door here.
You see here a scroll of identify.
g - 2 scrolls of identify (gained 1)
The yak gores you.
Are you sure you want to shaft yourself?
You feel quite a bit more hungry. The yak gores you!
You begin to dig a shaft.
You continue digging a shaft.
The yak gores you!
You die...

##...## #.# ##.....##
##.. ##.......## ##.#
#.........####..# ##
+.........'..[<.###....
#.........####.....#
#.......## ##.##.#
##....Y## ### # ##..@##
##+##


You could see a yak.

Vanquished Creatures
  A centaur (D:10)
  A crocodile (D:10)
  A crimson imp (D:9)
  A gnoll (D:7)
  An ooze (D:7)
  2 orcs
  A goblin (D:2)
  4 jackals (D:7)
  A ball python (D:3)
  A frilled lizard (D:2)
  A kobold (D:3)
15 creatures vanquished.

Notes
Turn   | Place    | Note
-------+----------+-------------------------------------------
     0 | D:1      | 4thArraOfDagon the Formicid Wanderer began the quest for the Orb.
     0 | D:1      | 4thArraOfDagon set off with: a book of Battle, a +0 spear, a +0 buckler, a +0 robe, a bread ration
     0 | D:1      | Reached XP level 1. HP: 16/16 MP: 3/3
    18 | D:1      | You fall through a shaft!
   151 | D:4      | Noticed an orc priest
   157 | D:4      | You fall through a shaft for 3 floors!
   193 | D:7      | Reached skill level 1 in Long Blades
   204 | D:7      | Reached XP level 2. HP: 11/23 MP: 5/5
   211 | D:7      | Found a sacrificial altar of Ru.
   246 | D:7      | Became a worshipper of Ru the Awakened
   388 | D:7      | RIP
   392 | D:7      | Reached skill level 2 in Long Blades
   418 | D:7      | Reached XP level 3. HP: 22/28 MP: 6/6
   436 | D:7      | Noticed an orc warrior
   459 | D:7      | You fall through a shaft for 2 floors!
   643 | D:10     | Entered Level 10 of the Dungeon
   643 | D:10     | Noticed a centaur
   655 | D:10     | Noticed a crocodile
   656 | D:10     | Killed a centaur
   656 | D:10     | Reached skill level 4 in Long Blades
   656 | D:10     | Reached XP level 4. HP: 29/34 MP: 7/7
   656 | D:10     | Reached XP level 5. HP: 33/39 MP: 8/8
   666 | D:10     | Killed a crocodile
   666 | D:10     | Reached skill level 5 in Long Blades
   703 | D:10     | Noticed an orc warrior
   715 | D:9      | Reached XP level 6. HP: 18/45 MP: 9/9
   856 | D:9      | Noticed Maurice
   856 | D:9      | Noticed a hornet
   860 | D:9      | You fall through a shaft!
  1083 | D:10     | Noticed a troll
  1112 | D:10     | Noticed a yak
  1112 | D:10     | Noticed a yak
  1113 | D:10     | Noticed a yak
  1113 | D:10     | Noticed a yak
  1127 | D:11     | Noticed a wraith
  1129 | D:11     | Noticed an orc warrior
  1131 | D:11     | You fall through a shaft!
  1131 | D:12     | Noticed Psyche
  1175 | D:11     | Noticed Nergalle
  1176 | D:11     | Noticed a spectral orc knight
  1178 | D:11     | You fall through a shaft for 2 floors!
  1178 | D:13     | Found a gate to the Vaults.
  1178 | D:13     | Noticed a vault guard
  1178 | D:13     | Noticed a hippogriff
  1178 | D:13     | Noticed a vault guard
  1178 | D:13     | Noticed a vault guard
  1178 | D:13     | Noticed a manticore
  1178 | D:13     | Noticed a vault guard
  1178 | D:13     | Noticed a kobold demonologist
  1181 | D:13     | You fall through a shaft!
  1452 | D:13     | Noticed a yak
  1452 | D:13     | Noticed a yak
  1452 | D:13     | Noticed a yak
  1452 | D:13     | Noticed a yak
  1452 | D:13     | Noticed a yak
  1466 | D:14     | Slain by a yak

Vault maps used:
D:1:      erik_arrival_orb_chamber, minmay_misc_feat_hallway, amethyst_killhole
D:2:      nicolae_overflow_crystal_walls, item_on_display_a, uniq_terence
D:3:      nemelex_xobeh_ov_fountains_minmay
D:4:      cheibrodos_helix_gallery, kennysheep_little_box, temple_green
D:6:      serial_shops, shop_coins
D:7:      hangedman_ru_absence, nicolae_overflow_hidden_temple, basic_altar,
          kennysheep_opposing_triangles
D:9:      hangedman_ranch, uniq_grum, uniq_erica, uniq_joseph, uniq_maurice
D:10:     erik_orc_1, uniq_harold, uniq_fannar
D:11:     serial_shops, shop, david_greed, uniq_nergalle
D:12:     uniq_psyche, uniq_urug, uniq_nessos
D:13:     lightli_vaults_fourway_checkpoint, uniq_kirke
D:14:     okawaru_ov_weapons_minmay

Skill      XL: |  1  2  3  4  5 |
---------------+----------------+-----
Long Blades    | 1 2 4 5 |  5.4
Fighting       | |  2.3
Throwing       | |  1.0
Dodging        | |  1.0
Shields        | |  1.2
Spellcasting   | |  2.1
Charms         | |  3.0

Action                   |  1- 3 |  4- 6 || total
-------------------------+-------+-------++-------
Melee: Long sword        |    33 |    25 ||    58
       Spear             |     3 |       ||     3
 Abil: Shaft Self        |     3 |     5 ||     8
       Dig               |       |     2 ||     2
Evoke: Wand              |     6 |       ||     6
  Use: Scroll            |     3 |       ||     3
       Potion            |     4 |       ||     4
 Stab: Paralysed         |     4 |       ||     4
  Eat: Meat ration       |       |     1 ||     1
       Royal jelly       |       |     1 ||     1
       Chunk             |       |     1 ||     1
Armor: Robe              |     3 |     3 ||     6
       Skin              |    10 |    16 ||    26
Dodge: Dodged            |    22 |    18 ||    40
Block: Buckler           |     9 |    13 ||    22
       Rpst.: Long sword |     6 |     2 ||     8
